 Dungeon Crawl Stone Soup version 0.22-a0-293-gc9362ec (webtiles) character file.

28 Amnesiac the Magician (level 3, -3/26 HPs)
             Began as a Mummy Wizard on Mar 24, 2018.
             Was an Initiate of Sif Muna.
             Slain by Terence
             ... wielding a +2 hand axe of electrocution
              (16 damage)
             ... on level 2 of the Dungeon.
             The game lasted 00:01:29 (1141 turns).

Amnesiac the Magician (Mummy Wizard)                Turns: 1141, Time: 00:01:30

Health: -3/26      AC:  4    Str: 10    XL:     3   Next: 0%
Magic:  9/9        EV: 12    Int: 18    God:    Sif Muna [......]
Gold:   86         SH:  0    Dex: 10    Spells: 1/12 levels left

rFire    x . .     SeeInvis .   g - +1 whip (elec)
rCold    + . .     Gourm    .   (no shield)
rNeg     + + +     Faith    .   a - +0 robe
rPois    ∞         Spirit   .   (no helmet)
rElec    .         Reflect  .   (no cloak)
rCorr    .         Harm     .   (no gloves)
MR       .....                  h - +1 pair of boots
Stlth    ++........             (no amulet)
HPRegen  0.08/turn              (no ring)
MPRegen  0.11/turn              (no ring)

@: no status effects
A: no food or potions, fire vulnerability, cold resistance 1, negative energy
resistance 3, torment resistance, unbreathing
a: Renounce Religion


You were on level 2 of the Dungeon.
You worshipped Sif Muna.
Sif Muna was noncommittal.
You were not hungry.

You visited 1 branch of the dungeon, and saw 2 of its levels.

You collected 86 gold pieces.

Inventory:

Hand Weapons
 g - a +1 whip of electrocution (weapon)
Armour
 a - a +0 robe (worn)
 h - a +1 pair of boots (worn)
Scrolls
 b - a scroll of enchant armour {!r, unknown}
 c - a scroll of immolation {!r, unknown}
 d - a scroll of teleportation {!r, unknown}
 e - 3 scrolls of identify {!r, unknown}
 f - a scroll of magic mapping {!r, unknown}


   Skills:
 - Level 1.0 Fighting
 - Level 1.5 Dodging
 - Level 1.5 Stealth
 + Level 5.1 Spellcasting
 - Level 0.7 Conjurations
 - Level 0.7 Summonings
 - Level 0.7 Translocations


You had one spell level left.
You knew the following spells:

 Your Spells              Type           Power        Failure   Level  Hunger
a - Magic Dart            Conj           #...         10%         1    N/A
b - Call Imp              Summ           #.......     14%         2    N/A
e - Mephitic Cloud        Conj/Pois/Air  #.......     34%         3    N/A
s - Conjure Flame         Conj/Fire      #.......     34%         3    N/A
v - Blink                 Tloc           N/A          14%         2    N/A

Dungeon Overview and Level Annotations

Branches:
Dungeon (2/15)

Altars:
Sif Muna

Annotations:
D:2 Terence


Innate Abilities, Weirdness & Mutations

You do not eat or drink.
Your flesh is vulnerable to fire.
You are immune to poison.
Your flesh is cold resistant. (rC+)
You are immune to negative energy. (rN+++)
You are immune to unholy pain and torment.
You can survive without breathing.


Message History

You closely miss the kobold. The bat closely misses you.
The kobold hits you but does no damage.
You hit the kobold.
The kobold is moderately wounded.
The bat barely misses you. The kobold hits you with a dagger.
You hit the kobold but do no damage.
The kobold is moderately wounded.
The bat closely misses you. The kobold closely misses you.
The bat barely misses you.
You closely miss the kobold.
The kobold is moderately wounded.
The bat barely misses you. The kobold barely misses you.
You closely miss the kobold.
The kobold is moderately wounded.
The bat barely misses you. The bat hits you. The kobold closely misses you.
You hit the kobold. Lightning courses through the kobold!
You kill the kobold!
Sif Muna accepts your kill. The bat closely misses you.
The bat barely misses you.
Found a dagger.
The bat hits you but does no damage. The bat closely misses you.
Found a scroll labeled LARECW KOFFYAPS.
You closely miss the bat. The bat hits you but does no damage.
The bat hits you but does no damage. The bat misses you. The bat hits you.
The bat hits you but does no damage. The bat hits you but does no damage.
The bat closely misses you. x2
You closely miss the bat. The bat hits you but does no damage.
You hit the bat.
The bat is moderately wounded.
The bat hits you.
You hit the bat. Lightning courses through the bat!
You kill the bat!
Sif Muna accepts your kill.
You have reached level 3!
Your experience leads to an increase in your attributes!
Increase (S)trength, (I)ntelligence, or (D)exterity?
You feel clever.
Memorise Blink, consuming 2 spell levels and leaving 7?
You start memorising the spell.
You continue memorising. x2
You finish memorising.
Spell assigned to 'v'.
Memorise Conjure Flame, consuming 3 spell levels and leaving 4?
You start memorising the spell.
You continue memorising. x3
You finish memorising.
Spell assigned to 's'.
Memorise Mephitic Cloud, consuming 3 spell levels and leaving 1?
You start memorising the spell.
You continue memorising. x3
You finish memorising.
Spell assigned to 'e'.
Okay, then.
Okay, then.
b - a scroll labeled LARECW KOFFYAPS {!r}
Things that are here:
a dagger; 3 stones; a kobold corpse Terence the Incautious comes into view.
He is wielding a hand axe of electrocution.
The helpless Terence fails to defend himself.
You hit Terence but do no damage. Terence barely misses you.
You barely miss Terence.
Terence hits you with a hand axe of electrocution.
* * * LOW HITPOINT WARNING * * *
You are electrocuted!
Ouch! That really hurt!
You die...

#..!..# #.......######...##### ##
####### #.###.#.# ##...## )#
#.##..#.# #.....#### .# #.##.##.#
#.....#... .# ###### ###.........
.####### ##...#.. ##....#...
.......# ###..#..# ##...##.#
....##.######...#..# ##..[...
..#.##........##@.#..# #.###.#
.†#.....########@..#...####.###.#
..####.## #.#########.........
..####.# #..# #..# ####.###.#
.......# ##.###.## ##........
..###### #.....# #.....##.# ###
###.### #........# #.# #.....####
#.# #.....#


You could see Terence.

Vanquished Creatures
  An adder skeleton (D:2)
  A dart slug (D:1)
  A leopard gecko (D:1)
  A bat zombie (D:2)
  2 goblins
  A hobgoblin (D:1)
  2 jackals (D:2)
  3 bats
  A frilled lizard (D:2)
  7 kobolds
  4 rats
24 creatures vanquished.

Notes
Turn   | Place    | Note
-------+----------+-------------------------------------------
     0 | D:1      | Amnesiac the Mummy Wizard began the quest for the Orb.
     0 | D:1      | Reached XP level 1. HP: 13/13 MP: 5/5
   276 | D:1      | Reached XP level 2. HP: 20/20 MP: 2/7
   280 | D:1      | Learned a level 2 spell: Call Imp
   531 | D:1      | Reached skill level 1 in Fighting
   785 | D:2      | Found a deep blue altar of Sif Muna.
   821 | D:2      | Became a worshipper of Sif Muna the Loreminder
  1057 | D:2      | Reached skill level 5 in Spellcasting
  1094 | D:2      | Reached XP level 3. HP: 15/26 MP: 9/9
  1098 | D:2      | Learned a level 2 spell: Blink
  1102 | D:2      | Learned a level 3 spell: Conjure Flame
  1106 | D:2      | Learned a level 3 spell: Mephitic Cloud
  1137 | D:2      | Noticed Terence
  1141 | D:2      | Slain by Terence

Vault maps used:
D:1:      dpeg_arrival_simpleton_c
D:2:      nicolae_qazlal_general_emergency, marbit_many_paths,
          lemuel_round_altar, serial_undead, serial_undead_e, serial_undead_a,
          serial_undead_d, serial_undead_f, uniq_terence

Skill      XL: |  1  2 |
---------------+-------+-----
Fighting       | 1 |  1.0
Spellcasting   | 5 |  5.1
Dodging        | |  1.5
Stealth        | |  1.5
Conjurations   | |  0.7
Summonings     | |  0.7
Translocations | |  0.7

Action                   || total
-------------------------++-------
Melee: Whip              ||    27
 Cast: Magic Dart        ||    33
 Stab: Sleeping          ||     1
Armor: Robe              ||    14
Dodge: Dodged            ||    27

Table legend:
 A = Spawn XP
 B = Non-spawn XP
 C = Spawn XP percentage of total XP
 D = Spawn monster count
 E = Non-spawn monster count
 F = Spawn count percentage of total count
 G = Total turns spent on level
                    A         B        C        D         E        F      G
               +---------+---------+-------+---------+---------+-------+---------
         Total |       0 |      41 |   0.0 |       0 |      24 |   0.0 |  1141
               +---------+---------+-------+---------+---------+-------+---------
           D:1 |       0 |      20 |   0.0 |       0 |      12 |   0.0 |   692
           D:2 |       0 |      21 |   0.0 |       0 |      12 |   0.0 |   449
               +---------+---------+-------+---------+---------+-------+---------
